 Dungeon Crawl Stone Soup version 0.29.1-12-g30fa7ad0bf (webtiles) character file.

Game seed: 12064990713184622970

3213 javelincjr the Cleaver (level 9, 0/118 HPs)
             Began as a Minotaur Berserker on Jan 18, 2023.
             Was an Elder of Trog.
             Slain by an orc warrior
             ... wielding a +0 war axe
              (12 damage)
             ... in a bailey.
             The game lasted 00:28:49 (6997 turns).

javelincjr the Cleaver (Minotaur Berserker)         Turns: 6997, Time: 00:28:50

Health: 0/118      AC: 17    Str: 24    XL:     9   Next: 65%
Magic:  8/8        EV: 12    Int:  6    God:    Trog [****..]
Gold:   667        SH:  5    Dex: 10    Spells: 8/8 levels left

rFire   . . .      SeeInvis .   v - +2 hand axe (vorpal)
rCold   . . .      Faith    .   (no shield)
rNeg    + . .      Spirit   .   F - +0 plate armour
rPois   .          Reflect  +   (helmet restricted)
rElec   .          Harm     .   w - +0 cloak
rCorr   .          Rampage  .   (no gloves)
Will    .....                   t - +1 pair of boots
Stlth   ..........              e - amulet of reflection
HPRegen 0.29/turn               m - ring of positive energy
MPRegen 0.11/turn               M - +4 ring of evasion

@: berserking, very quick
A: horns 2, retaliatory headbutt
a: Renounce Religion, Berserk, Trog's Hand, Brothers in Arms


You were in a bailey.
You worshipped Trog.
Trog was greatly pleased with you.
You visited 2 branches of the dungeon, and saw 8 of its levels.
You also visited: Bailey.

You collected 667 gold pieces.

Inventory:

Hand Weapons
 i - a +3 flail
 l - a +0 sling of freezing
 n - a +1 vampiric dagger
 p - a +0 war axe
 v - a +2 vorpal hand axe (weapon)
 z - a +0 short sword of distortion
 I - a +2 dagger of draining
Missiles
 h - 7 boomerangs
 A - 27 poisoned darts (quivered)
Armour
 t - a +1 pair of boots (worn)
 w - a +0 cloak (worn)
 F - a +0 plate armour (worn)
Jewellery
 e - an amulet of reflection (around neck)
 m - a ring of positive energy (left hand)
 E - an amulet of magic regeneration
 M - a +4 ring of evasion (right hand)
Wands
 C - a wand of charming (14)
Scrolls
 a - a scroll of immolation {unknown}
 b - a scroll of identify
 d - a scroll of fear
 j - 5 scrolls of teleportation
 H - a scroll of magic mapping
 K - a scroll of fog
Potions
 c - a potion of brilliance {unknown}
 f - a potion of invisibility
 g - 9 potions of curing
 k - 5 potions of heal wounds
 o - a potion of might
 r - a potion of flight
 G - a potion of magic


   Skills:
 + Level 7.1 Fighting
 + Level 4.4 Short Blades
 + Level 9.5 Axes
 + Level 3.1 Ranged Weapons
 + Level 1.6 Throwing
 + Level 8.5 Armour
 + Level 3.9 Dodging
 + Level 1.1 Stealth
 + Level 4.5 Shields


You had 8 spell levels left.
You didn't know any spells.
Your spell library was empty.

Dungeon Overview and Level Annotations

Branches:
Dungeon (7/15)             Temple (1/1) D:6          Bailey (1/1)

Altars:
Ashenzari
Cheibriados
Dithmenos
Elyvilon
Fedhas
Hepliaklqana
Kikubaaqudgha
Makhleb
Nemelex Xobeh
Okawaru
Qazlal
Ru
Sif Muna
Trog
Uskayaw
Vehumet
Wu Jian
Xom
Yredelemnul
Zin
Lugonu

Shops:
D:1 *!=   D:3 [   D:7 [

Portals:
Abyss: D:4


Innate Abilities, Weirdness & Mutations

You have a pair of horns on your head.
You reflexively headbutt those who attack you in melee.


Message History

The orc warrior is heavily wounded.
You hit the orc warrior.
The orc warrior hits you with a +0 battleaxe!
* * * LOW HITPOINT WARNING * * *
The orc warrior closely misses you. You furiously retaliate!
You headbutt the orc warrior!
The orc shouts!
You are too berserk!
You hit the orc warrior.
The orc warrior is severely wounded.
You completely miss the orc warrior. You slash the orc warrior!
You headbutt the orc warrior, but do no damage.
The orc warrior is almost dead.
You completely miss the orc warrior. The orc warrior misses you.
You furiously retaliate!
You headbutt the orc warrior, but do no damage.
The orc warrior hits you with a +0 war axe!
* * * LOW HITPOINT WARNING * * *
You closely miss the orc warrior. You headbutt the orc warrior.
You kill the orc warrior!
Trog accepts your kill.
You hit the orc warrior.
The kobold throws a boomerang.
The boomerang hits you but does no damage.
You closely miss the orc warrior.
The orc warrior is almost dead.
The orc warrior hits you but does no damage.
You closely miss the orc warrior. You closely miss the orc.
You closely miss the orc warrior. You slash the orc warrior!
The orc warrior is moderately wounded.
You hit the orc. You slash the orc warrior!
You kill the orc warrior!
Trog accepts your kill. The orc closely misses you. You furiously retaliate!
You headbutt the orc!
You feel the power of Trog in you as your rage grows.
You kill the orc!
Trog accepts your kill.
The orc warrior hits you with a +0 war axe!
You die...

≈≈≈≈≈≈≈≈≈≈≈≈≈~.......##
≈≈≈#########≈≈≈≈.......##
≈≈≈∩#...!.o.#K≈≈≈≈≈≈)....##
≈##
#.......####†.≈~≈≈≈≈≈≈≈#
###'####..#.....~≈≈≈≈≈≈ .K
.o..###......#### ###..'
#.....### #Ko###.......#
#.@#....⌠.....
##)#.........##
#...........##
.............####
.#############


You could see an orc warrior, an orc and 2 kobolds.

Vanquished Creatures
  The ghost of JayGG the Cleaver, a novice MiBe of Trog (D:6)
  Grinder (D:3)
  A steam dragon (D:7)
  A water moccasin (D:7)
  2 ice beasts (D:5)
  6 orc warriors (Bailey)
  A hornet zombie (D:6)
  2 ogres
  Blork the orc (D:4)
  2 kobold brigands
  A phantom (D:5)
  3 bullfrogs (D:7)
  5 necrophages
  2 scorpions (D:5)
  A water moccasin zombie (D:6)
  A howler monkey (D:5)
  A bullfrog zombie (D:6)
  2 hounds
  A jelly (D:5)
  2 iguanas
  2 orc wizards (D:5)
  6 gnolls
  10 adders
  A white imp (D:3)
  3 ufetubi
  12 orcs
  10 bats
  8 endoplasms
  2 giant cockroaches (D:1)
  11 goblins
  7 hobgoblins
  2 quokkas (D:1)
  5 ball pythons
  6 frilled lizards
  29 kobolds
  2 rats
  2 bushes (D:6)
155 creatures vanquished.

Vanquished Creatures (others)
  10 plants (D:6)
  2 withered plants (D:6)
12 creatures vanquished.

Grand Total: 167 creatures vanquished

Notes
Turn   | Place    | Note
-------+----------+-------------------------------------------
     0 | D:1      | javelincjr the Minotaur Berserker began the quest for the
                  | Orb.
     0 | D:1      | Reached XP level 1. HP: 19/19 MP: 0/0
   262 | D:1      | Found Koil's General Store.
   289 | D:1      | Reached XP level 2. HP: 20/27 MP: 1/1
   434 | D:1      | Reached skill level 4 in Axes
   839 | D:1      | Found Itagoett's Jewellery Shop.
  1093 | D:1      | Reached XP level 3. HP: 33/33 MP: 2/2
  1184 | D:1      | Found Wihuymn's Distillery.
  1253 | D:2      | Reached ** piety under Trog
  2041 | D:3      | Reached skill level 1 in Ranged Weapons
  2293 | D:3      | Found a shadowy altar of Dithmenos.
  2404 | D:3      | Found a sparkling altar of Nemelex Xobeh.
  2569 | D:3      | Reached XP level 4. HP: 41/41 MP: 3/3
  2569 | D:3      | Found Mowky's Antique Armour Boutique.
  2955 | D:4      | Found a one-way gate to the infinite horrors of the Abyss.
  2966 | D:4      | Noticed Grinder
  2989 | D:4      | Paralysed by Grinder for 5 turns
  3009 | D:3      | Killed Grinder
  3010 | D:3      | Reached skill level 1 in Shields
  3010 | D:3      | Reached XP level 5. HP: 29/47 MP: 4/4
  3010 | D:3      | Reached XP level 6. HP: 33/53 MP: 5/5
  3331 | D:4      | Found a snail-covered altar of Cheibriados.
  3331 | D:4      | Found a burning altar of Makhleb.
  3481 | D:4      | Found a broken altar of Ashenzari.
  3529 | D:4      | Found a bloodstained altar of Trog.
  3630 | D:4      | Noticed Blork the orc
  3663 | D:4      | Killed Blork the orc
  4003 | D:4      | Reached skill level 5 in Armour
  4003 | D:4      | Reached XP level 7. HP: 58/60 MP: 6/6
  4013 | D:4      | Found a large runed translucent door.
  4013 | D:4      | Found a large runed translucent door.
  4014 | D:4      | Found a corrupted altar of Lugonu.
  4197 | D:5      | Entered Level 5 of the Dungeon
  4302 | D:5      | Reached skill level 5 in Fighting
  4343 | D:5      | Reached *** piety under Trog
  4697 | D:5      | Found a glowing silver altar of Zin.
  4740 | D:5      | Reached skill level 5 in Axes
  4740 | D:5      | Reached XP level 8. HP: 59/68 MP: 7/7
  4871 | D:5      | Found a stormy altar of Qazlal.
  5089 | D:5      | Reached skill level 1 in Throwing
  5620 | D:6      | Found an ornate altar of the Wu Jian Council.
  5620 | D:6      | Found an iron altar of Okawaru.
  5641 | D:6      | Reached skill level 6 in Axes
  5678 | D:6      | Found a runed translucent door.
  5694 | D:6      | Noticed JayGG's ghost (novice MiBe)
  5709 | D:6      | Killed JayGG's ghost
  5710 | D:6      | Reached skill level 7 in Axes
  5710 | D:6      | Reached skill level 1 in Stealth
  5769 | D:6      | Found a blossoming altar of Fedhas.
  5792 | D:6      | Found a staircase to the Ecumenical Temple.
  5807 | Temple   | Entered the Ecumenical Temple
  6079 | D:6      | Found a shimmering blue altar of Sif Muna.
  6209 | D:6      | Reached XP level 9. HP: 75/75 MP: 8/8
  6296 | D:7      | Found a sacrificial altar of Ru.
  6328 | D:7      | Reached skill level 8 in Axes
  6627 | D:7      | Found Daniel's Dragon-Slaying Spoils.
  6698 | D:7      | Found a flagged portal.
  6711 | Bailey   | Entered a bailey
  6763 | Bailey   | Reached skill level 9 in Axes
  6773 | Bailey   | Reached **** piety under Trog
  6997 | Bailey   | Slain by an orc warrior

Illustrated notes

Levels and vault maps discovered:
D:1:      dpeg_cavernosity, layout_basic, serial_shops,
          nicolae_shop_behind_doors, shop, nicolae_shop_behind_doors,
          st_stairs_7, minmay_misc_feat_enclosed,
          chequers_serial_rivers_small_b, minmay_ruptured
D:2:      layout_rooms
D:3:      layout_basic, grunt_dithmenos_smoke_and_mirrors,
          nemelex_xobeh_ov_fountains_minmay, serial_shops, shop
D:4:      due_chaos_kobolds, layout_basic, ashenzari_altar_1,
          kennysheep_mini_moat, grunt_temple_overflow_open, uniq_blork_the_orc,
          uniq_grinder
D:5:      layout_cave_pools, lemuel_tele_altar, amcnicky_altar_gilded,
          kennysheep_opposing_triangles
D:6:      layout_cave_pools, nicolae_sif_muna_little_library,
          fedhas_altar_decomposition, gammafunk_temple_overflow_wave,
          minmay_temple_entry_glass, gammafunk_ghost_grave
D:7:      layout_rooms, mainiacjoe_overflow_cross_hatched, enter_bailey_7,
          amcnicky_mini_corridor_feature, nicolae_shop_dragon_depot
Temple:   hellmonk_temple_two_chambers
Bailey:   bailey_axe_4, bailey

Skill      XL: |  1  2  3  4  5  6  7  8  9 |
---------------+----------------------------+-----
Fighting       | 4 5 6 7 |  7.1
Axes           | 4 5 7 9 |  9.5
Ranged Weapons | 1 2 3 |  3.1
Armour         | 4 5 6 7 8 |  8.5
Short Blades   | 2 3 4 |  4.4
Dodging        | 3 |  3.9
Shields        | 1 2 4 |  4.5
Throwing       | 1 |  1.6
Stealth        | 1 |  1.1

Action                   |  1- 3 |  4- 6 |  7- 9 || total
-------------------------+-------+-------+-------++-------
Melee: Hand axe          |    69 |    17 |   272 ||   358
       Headbutt          |    16 |    16 |    62 ||    94
       Dagger            |    27 |   117 |       ||   144
       Punch             |       |     1 |     1 ||     2
 Fire: Sling             |    23 |     6 |     3 ||    32
Throw: Dart              |       |     1 |     7 ||     8
Invok: Berserk           |       |     2 |     3 ||     5
  Use: Scroll            |     6 |       |    13 ||    19
       Potion            |       |       |     1 ||     1
 Stab: Sleeping          |     1 |       |       ||     1
Armor: Animal skin       |    15 |       |       ||    15
       Ring mail         |     8 |    18 |       ||    26
       Chain mail        |       |    25 |    37 ||    62
       Plate armour      |       |       |    72 ||    72
Dodge: Dodged            |    56 |    68 |    95 ||   219
Block: Other             |    11 |    24 |    46 ||    81
       Reflection        |       |       |     6 ||     6
